 Dungeon Crawl Stone Soup version 0.22.1-6-g1668fe2 (webtiles) character file.

19 Fliddo the Grasshopper (level 2, -1/24 HPs)
             Began as a Centaur Warper on Jan 21, 2019.
             Slain by an adder (3 damage)
             ... on level 2 of the Dungeon.
             The game lasted 00:08:07 (851 turns).

Fliddo the Grasshopper (Centaur Warper)              Turns: 851, Time: 00:08:08

Health: -1/24      AC:  6    Str: 13    XL:     2   Next: 55%
Magic:  4/4        EV:  7    Int: 12    God:
Gold:   27         SH:  0    Dex:  8    Spells: 2/4 levels left

rFire    . . .     SeeInvis .   a - +0 hand axe
rCold    . . .     Gourm    .   (no shield)
rNeg     . . .     Faith    .   k - +0 scale mail
rPois    .         Spirit   .   (no helmet)
rElec    .         Reflect  .   (no cloak)
rCorr    .         Harm     .   (no gloves)
MR       .....                  (no barding)
Stlth    ..........             (no amulet)
HPRegen  0.08/turn              (no ring)
MPRegen  0.09/turn              (no ring)

@: lethally poisoned (-1 -> -6), very quick
A: large, hooves 3, deformed body, speed 2, tough skin 3
a: no special abilities


You were on level 2 of the Dungeon.
You were not hungry.

You visited 1 branch of the dungeon, and saw 2 of its levels.

You collected 27 gold pieces.

Inventory:

Hand Weapons
 a - a +0 hand axe (weapon)
Missiles
 e - 5 tomahawks of dispersal (quivered)
Armour
 k - a +0 scale mail (worn)
Jewellery
 j - a +3 ring of protection {unknown}
Scrolls
 c - a scroll of noise {unknown}
 d - a scroll of blinking
 g - a scroll of amnesia {unknown}
 i - a scroll of magic mapping {unknown}
 n - a scroll of identify {unknown}
 o - a scroll of teleportation {unknown}
Potions
 h - a potion of ambrosia {unknown}
 l - a potion of might {unknown}
 m - a potion of degeneration {unknown}
Comestibles
 b - 2 chunks of flesh
 f - 3 rations


   Skills:
 + Level 2.3 Fighting
 + Level 2.0 Axes
 - Level 1.1 Throwing
 + Level 1.1 Armour
 + Level 1.6 Dodging
 - Level 1.5 Spellcasting
 + Level 2.7 Translocations


You had 2 spell levels left.
You knew the following spells:

 Your Spells              Type           Power        Failure   Level  Hunger
a - Blink                 Tloc           N/A          56%         2    ###....

Your spell library contained the following spells:

 Spells                   Type           Power        Failure   Level  Hunger
 Shroud of Golubria       Chrm/Tloc      #.........   75%         2    ###....
 Gell's Gravitas          Tloc           #.........   80%         3    ####...
 Lesser Beckoning         Tloc           #.........   80%         3    ####...
 Teleport Other           Tloc           #.......     80%         3    ####...
 Passage of Golubria      Tloc           N/A          99%         4    #####..


Dungeon Overview and Level Annotations

Branches:
Dungeon (2/15)

Altars:
Kikubaaqudgha


Innate Abilities, Weirdness & Mutations

You have hooves in place of feet.
Armour fits poorly on your strangely shaped body.
You cover ground very quickly.
You have extremely tough skin. (AC +3)


Message History

The adder is too close now for your liking.
The adder hisses angrily.
You miss the adder. The adder bites you.
You hit the adder. You kick the adder.
The adder is heavily wounded.
The adder barely misses you. The adder bites you.
* * * LOW HITPOINT WARNING * * *
You are poisoned.
The adder poisons you!
You hit the adder.
The adder is severely wounded.
You feel sick. The adder bites you.
* * * LOW HITPOINT WARNING * * *
You are more poisoned.
The adder poisons you!
You miss the adder. Your kick misses the adder.
The adder is severely wounded.
* * * LOW HITPOINT WARNING * * *
You feel sick. The adder bites you.
You die...

## . ###(. ..#### #...
.....###.###
.........w.. ####.#.####
##############......#
......>@S[..##....#####.
###########.............
#.....<...######
.....####....# #####
####.# #.# #.## #..#
##.##


You could see an adder.

Vanquished Creatures
  A worm (D:2)
  A leopard gecko (D:1)
  4 hobgoblins
  A bat (D:1)
  A frilled lizard (D:1)
  4 goblins
  2 kobolds (D:1)
  A rat (D:1)
15 creatures vanquished.

Notes
Turn   | Place    | Note
-------+----------+-------------------------------------------
     0 | D:1      | Fliddo the Centaur Warper began the quest for the Orb.
     0 | D:1      | Reached XP level 1. HP: 17/17 MP: 3/3
   225 | D:1      | Reached skill level 1 in Armour
   225 | D:1      | Reached XP level 2. HP: 24/24 MP: 4/4
   232 | D:1      | Learned a level 2 spell: Blink
   529 | D:2      | Found an ancient bone altar of Kikubaaqudgha.
   851 | D:2      | Slain by an adder

Skill      XL: |  1 |
---------------+----+-----
Axes           | 2 |  2.0
Armour         | 1 |  1.1
Fighting       | |  2.3
Throwing       | |  1.1
Dodging        | |  1.6
Spellcasting   | |  1.5
Translocations | |  2.7

Action                   || total
-------------------------++-------
Melee: Hand axe          ||    51
       Kick              ||     7
 Cast: Blink             ||     2
Armor: Leather armour    ||    11
       Scale mail        ||     1
Dodge: Dodged            ||    22
